AoeStats
← KRM Draykon

Arabia

510179745Analyzed
4v4 RM · 3d ago on Sep 29, 2026· 59m 48s· 8 players
Game mode
Random Map
Map size
Large (8 player)
Population
200
Speed
Normal
Resources
Standard
Victory
Conquest
Starting age
Dark Age
Ending age
Imperial Age
RankedLock teamsTeams togetherTeam positionsShared explorationLock speedFull tech treeHidden civsTurbo modeCheats
Victory
Defeat
🇦🇷 Persians · Argentina
903
+13
🇦🇷 Vietnamese · Argentina
895
+14
🇦🇷 Ethiopians · Argentina
866
+18
🇦🇷 Varangians · Argentina
846
+16
🇺🇸 Persians · United States
906
-17
🇧🇷 Magyars · Brazil
833
-14
🇫🇷 Spanish · France
823
-14
🇮🇳 Cumans · India
818
-13
StuartLittle
6:59 Loom
9:08 Feudal Age
9:48 Double-Bit Axe
15:08 Forging
17:20 Bloodlines
21:26 Castle Age
21:14 Wheelbarrow
20:46 Scale Barding Armor
20:40 Horse Collar
24:06 Chain Barding Armor
24:32 Husbandry
25:03 Bow Saw
24:59 Gold Mining
27:38 Iron Casting
33:32 Heavy Plow
35:02 Hand Cart
40:50 Imperial Age
40:31 Town Watch
40:26 Cavalier
41:44 Plate Barding Armor
42:09 Blast Furnace
42:07 Gold Shaft Mining
42:14 Savar
46:33 Two-Man Saw
47:18 Chemistry
50:13 Scale Mail Armor
49:35 Pikeman
51:09 Halberdier
53:36 Squires
53:21 Gambesons
53:53 Chain Mail Armor
54:49 Crop Rotation
55:58 Arson
56:45 Plate Mail Armor
57:00 Stone Mining
Sr. Claudio
9:58 Feudal Age
11:47 Double-Bit Axe
13:18 Loom
14:02 Horse Collar
22:33 Castle Age
21:14 Fletching
21:24 Padded Archer Armor
21:27 Scale Mail Armor
22:19 Gold Mining
22:41 Crossbowman
25:22 Bodkin Arrow
25:42 Leather Archer Armor
29:27 Bow Saw
29:20 Heavy Plow
30:16 Wheelbarrow
29:30 Town Watch
31:38 Leather Archer Armor
31:34 Forging
31:39 Chain Mail Armor
32:19 Ballistics
36:23 Iron Casting
35:59 Thumb Ring
36:03 Elite Skirmisher
42:12 Imperial Age
41:45 Squires
44:29 Elite Fire Lancer
46:37 Imperial Skirmisher
48:35 Chemistry
53:50 Plate Mail Armor
53:21 Bracer
53:51 Ring Archer Armor
60:22 Paper Money
61:08 Two-Man Saw
60:45 Crop Rotation
SauronBestial
10:33 Feudal Age
13:06 Double-Bit Axe
13:56 Town Watch
13:59 Loom
17:50 Fletching
26:31 Castle Age
24:46 Horse Collar
25:18 Padded Archer Armor
26:06 Gold Mining
27:31 Town Patrol
27:30 Bodkin Arrow
27:08 Crossbowman
29:12 Bow Saw
31:26 Thumb Ring
33:31 Leather Archer Armor
33:40 Ballistics
36:28 Wheelbarrow
36:39 Scale Barding Armor
36:38 Scale Mail Armor
36:49 Forging
40:41 Imperial Age
39:17 Chain Mail Armor
39:39 Iron Casting
41:24 Arbalester
43:37 Chemistry
43:20 Gold Shaft Mining
43:01 Bracer
44:42 Hand Cart
46:11 Ring Archer Armor
51:05 Torsion Engines
joaquinlopezlopez90
7:38 Loom
10:39 Feudal Age
14:04 Double-Bit Axe
15:49 Wheelbarrow
15:47 Horse Collar
16:39 Bloodlines
24:23 Castle Age
23:13 Scale Barding Armor
23:22 Forging
28:29 Chain Barding Armor
28:46 Iron Casting
28:43 Bow Saw
31:28 Husbandry
34:32 Hand Cart
36:53 Heavy Plow
36:48 Gold Mining
40:44 Imperial Age
39:49 Scale Mail Armor
42:28 Elite Varangian Guard
42:55 Arson
43:12 Squires
42:41 Cavalier
46:16 Blast Furnace
45:32 Chain Mail Armor
45:53 Plate Barding Armor
44:45 Elite Jarl
44:56 Gothikon
44:58 Vendel Legacy
48:37 Plate Mail Armor
Akranon
0:42 Loom
16:19 Feudal Age
18:07 Wheelbarrow
17:15 Horse Collar
17:23 Double-Bit Axe
17:32 Gold Mining
22:42 Castle Age
21:13 Stone Mining
24:24 Husbandry
24:37 Bloodlines
24:35 Scale Barding Armor
24:42 Forging
25:40 Fletching
26:49 Ballistics
27:05 Chain Barding Armor
29:55 Fervor
30:35 Gold Shaft Mining
30:20 Bow Saw
31:14 Hand Cart
32:56 Iron Casting
34:31 Town Watch
35:01 Masonry
37:10 Kamandaran
37:12 Crossbowman
38:18 Town Patrol
38:35 Pikeman
39:16 Squires
40:04 Bodkin Arrow
41:20 Padded Archer Armor
41:21 Scale Mail Armor
41:29 Murder Holes
42:49 Thumb Ring
48:49 Imperial Age
48:33 Leather Archer Armor
49:46 Ring Archer Armor
50:30 Chemistry
50:25 Heavy Camel Rider
51:53 Plate Barding Armor
52:19 Blast Furnace
55:03 Heavy Plow
KRM Draykon
14:09 Feudal Age
16:39 Stone Mining
16:40 Gold Mining
16:41 Double-Bit Axe
16:55 Gold Mining
16:51 Horse Collar
22:38 Castle Age
23:04 Wheelbarrow
24:34 Bow Saw
26:34 Heavy Plow
27:54 Stone Shaft Mining
28:13 Loom
28:45 Hand Cart
28:17 Town Watch
30:00 Caravan
31:49 Bloodlines
31:40 Husbandry
31:51 Scale Barding Armor
37:16 Imperial Age
35:54 Chain Barding Armor
35:45 Forging
37:57 Town Patrol
37:21 Cavalier
39:37 Iron Casting
39:38 Plate Barding Armor
40:11 Two-Man Saw
40:12 Conscription
40:38 Paladin
45:22 Blast Furnace
Tamor
7:27 Loom
9:57 Feudal Age
18:04 Double-Bit Axe
28:08 Castle Age
27:34 Gold Mining
35:27 Wheelbarrow
44:19 Husbandry
44:31 Bloodlines
46:47 Hand Cart
51:07 Imperial Age
48:52 Scale Barding Armor
51:10 Cavalier
52:06 Caravan
52:29 Stone Mining
53:15 Gold Shaft Mining
53:29 Bow Saw
53:02 Horse Collar
55:24 Heavy Plow
56:29 Chain Barding Armor
56:48 Corvinian Army
57:14 Conscription
xxbysnipxx
12:17 Feudal Age
24:18 Castle Age
30:57 Imperial Age
29:07 Wheelbarrow
29:12 Double-Bit Axe
29:15 Horse Collar
29:25 Pikeman
30:06 Squires
31:05 Halberdier
35:50 Hand Cart
35:45 Scale Mail Armor
35:55 Forging
39:16 Conscription
40:00 Elite Kipchak
41:41 Cuman Mercenaries
42:09 Caravan
42:17 Heavy Plow
42:01 Elite Kipchak
44:05 Fletching
44:31 Chain Mail Armor
44:51 Iron Casting
44:18 Padded Archer Armor
45:31 Ballistics
46:11 Chemistry
47:20 Parthian Tactics
47:01 Thumb Ring
49:35 Steppe Husbandry
51:00 Bodkin Arrow
51:35 Plate Mail Armor
51:21 Leather Archer Armor
51:12 Scale Barding Armor
52:08 Blast Furnace
51:24 Elite Steppe Lancer
Connection lost

Rejoining the realm…

Still unreachable

The connection could not be restored.

Session expired

The server has moved on; the page needs a fresh start.